 Dungeon Crawl Stone Soup version 0.28-a0-1493-g08698888e4 (webtiles) character file.

Game seed: 14647262686641559798

25 ytrimaz the Skirmisher (level 2, -4/24 HPs)
             Began as a Demonspawn Fighter on Jan 12, 2022.
             Slain by a worm (6 damage)
             ... on level 2 of the Dungeon.
             The game lasted 00:01:37 (1795 turns).

ytrimaz the Skirmisher (Demonspawn Fighter)         Turns: 1795, Time: 00:01:38

Health: -4/24      AC:  6    Str: 16    XL:     2   Next: 86%
Magic:  2/2        EV:  8    Int:  9    God:
Gold:   76         SH:  4    Dex: 12    Spells: 1/1 levels left

rFire   . . .      SeeInvis .   a - +0 flail
rCold   . . .      Faith    .   c - +0 buckler
rNeg    . . .      Spirit   .   b - +0 scale mail
rPois   .          Reflect  .   (no helmet)
rElec   .          Harm     .   (no cloak)
rCorr   .          Rampage  .   (no gloves)
Will    .....                   (no boots)
Stlth   ..........              (no amulet)
HPRegen 0.08/turn               (no ring)
MPRegen 0.08/turn               (no ring)

@: no status effects
A: weakness stinger 1
a: no special abilities


You were on level 2 of the Dungeon.
You visited 1 branch of the dungeon, and saw 2 of its levels.

You collected 76 gold pieces.

Inventory:

Hand Weapons
 a - a +0 flail (weapon)
Armour
 b - a +0 scale mail (worn)
 c - a +0 buckler (worn)
Scrolls
 g - a scroll of teleportation
 h - a scroll of noise
 i - a scroll of silence {unknown}
Potions
 d - a potion of might
 e - a potion of heal wounds


   Skills:
 + Level 3.2 Fighting
 + Level 2.2 Maces & Flails
 + Level 3.0 Armour
 + Level 2.9 Shields


You had one spell level left.
You didn't know any spells.
Your spell library was empty.

Dungeon Overview and Level Annotations

Branches:
Dungeon (2/15)

Altars:


Innate Abilities, Weirdness & Mutations

You have a small tail.


Message History

No target in view!
Things that are here:
a +0 club; a goblin corpse You now have 76 gold pieces (gained 17).
f - 2 scrolls of identify (gained 1)
h - a scroll labelled PIGGEI CEVU
Found 18 stones.
No target in view!
No target in view!
No target in view!
i - a scroll labelled JEM YN LOJIFFO A worm comes into view.
A worm is nearby!
A worm is nearby!
As you read the scroll of identify, it crumbles to dust.
g - a scroll of teleportation Unknown command.
As you read the scroll of identify, it crumbles to dust.
h - a scroll of noise A goblin comes into view.
It is wielding a +0 dagger.
Found 19 bolts.
The goblin unwields a +0 dagger.
The goblin wields a +0 hunting sling.
The goblin shoots a stone.
You block the stone. The worm bites you.
You completely miss the worm.
The goblin shoots a stone.
You block the stone. The worm bites you!
You barely miss the worm. You tail-slap the worm.
The worm is moderately wounded.
The goblin shoots a stone.
The stone barely misses you.
The goblin shoots a stone.
The stone closely misses you.
You hit the worm.
The worm is heavily wounded.
The worm bites you.
You hit the worm but do no damage.
The worm is heavily wounded.
The goblin shoots a stone.
The stone barely misses you. The worm bites you.
* * * LOW HITPOINT WARNING * * *
You hit the worm.
The worm is severely wounded.
The goblin shoots a stone.
You block the stone. The worm bites you.
You die... ...........# #P# ########...# ##.# PPP #.### (..# PPP

##.# ...#### #..#
g..... #.## ....# #.#
...#
#######.######...####
..(..........@w......
..........###########
..........#
###########


You could see a worm and a goblin.

Vanquished Creatures
  2 bats
  A giant cockroach (D:1)
  5 goblins
  3 hobgoblins
  2 jackals (D:2)
  A quokka (D:1)
  4 ball pythons
  A frilled lizard (D:2)
  A kobold (D:1)
  2 rats (D:1)
22 creatures vanquished.

Notes
Turn   | Place    | Note
-------+----------+-------------------------------------------
     0 | D:1      | ytrimaz the Demonspawn Fighter began the quest for the Orb.
     0 | D:1      | Reached XP level 1. HP: 18/18 MP: 1/1
   261 | D:1      | Discovered your monstrous ancestry.
   261 | D:1      | Gained mutation: You have a small tail. [demonic ancestry]
   261 | D:1      | Reached XP level 2. HP: 24/24 MP: 2/2
  1395 | D:2      | Found a faded altar of an unknown god.
  1795 | D:2      | Slain by a worm

Illustrated notes

Levels and vault maps discovered:
D:1:      nicolae_arrival_memento_mori, layout_basic, serial_rivers,
          chequers_serial_rivers_micro_b, chequers_serial_rivers_micro_d,
          chequers_serial_rivers_micro_e, chequers_serial_rivers_micro_c,
          chequers_serial_rivers_micro_c, amcnicky_mini_rare_corridor_liquid,
          minivault_4, minmay_tetromino_l2
D:2:      layout_rooms, shapermc_ecumenical_altar_flowoftime

Skill      XL: |  1  2 |
---------------+-------+-----
Maces & Flails | 2 |  2.2
Armour         | 3 |  3.0
Fighting       | |  3.2
Shields        | |  2.9

Action                   || total
-------------------------++-------
Melee: Flail             ||    85
       Tailslap          ||     8
  Use: Scroll            ||     4
Armor: Scale mail        ||    48
Dodge: Dodged            ||    39
Block: Buckler           ||    26

Table legend: (Time is in decaauts)
 A = Elapsed time spent in this place.
 B = Non-inter-level travel time spent in this place.
 C = Inter-level travel time spent in this place.
 D = Time resting spent in this place.
 E = Time spent auto-exploring this place.
 F = Levels seen in this place.
 G = Mean time per level.
                   A        B        C        D        E       F      G
               +--------+--------+--------+--------+--------+-----+--------+
         Total |   1825 |   1791 |     34 |      0 |   1555 |   2 |  912.5 |
       Dungeon |   1825 |   1791 |     34 |      0 |   1555 |   2 |  912.5 |
               +--------+--------+--------+--------+--------+-----+--------+

Top non-repeatable levels by time:
     D:1: 1359 daAuts
     D:2: 465 daAuts
